 Dungeon Crawl Stone Soup version 0.21-a0-513-gdcb3f5e (webtiles) character file.

29 Starchild the Cutter (level 3, 0/20 HPs)
             Began as a Kobold Artificer on Dec 2, 2017.
             Slain by a worm (8 damage)
             ... on level 2 of the Dungeon.
             The game lasted 00:02:26 (1252 turns).

Starchild the Cutter (Kobold Artificer)             Turns: 1252, Time: 00:02:26

Health: 0/20       AC:  4    Str:  9    XL:     3   Next: 32%
Magic:  5/5        EV: 14    Int: 12    God:
Gold:   66         SH:  0    Dex: 16    Spells: 2/2 levels left

rFire    . . .     SeeInvis .   a - +0 short sword
rCold    . . .     Gourm    .   (shield restricted)
rNeg     . . .     Faith    .   b - +0 leather armour
rPois    .         Spirit   .   p - +0 helmet
rElec    .         Reflect  .   (no cloak)
rCorr    .         Harm     .   (no gloves)
MR       .....                  (no boots)
Stlth    ++........             (no amulet)
HPRegen  0.06/turn              (no ring)
MPRegen  0.09/turn              (no ring)

@: no status effects
A: small, carnivore 3
a: no special abilities


You were on level 2 of the Dungeon.
You were not hungry.

You visited 1 branch of the dungeon, and saw 2 of its levels.

You collected 66 gold pieces.

Inventory:

Hand Weapons
 a - a +0 short sword (weapon)
Missiles
 g - 72 stones (quivered)
Armour
 b - a +0 leather armour (worn)
 p - a +0 helmet (worn)
Wands
 c - a wand of flame (13)
 d - a wand of enslavement (15)
 e - a wand of random effects (15)
Scrolls
 h - a scroll of blinking {unknown}
 i - 2 scrolls of identify {unknown}
 k - a scroll of fog {unknown}
 m - a scroll of remove curse {unknown}
Potions
 j - a potion of resistance {unknown}
 l - a potion of degeneration {unknown}
 n - a potion of might {unknown}
 o - a potion of haste {unknown}
Comestibles
 f - 2 meat rations


   Skills:
 - Level 1.1 Fighting
 + Level 4.1 Short Blades
 - Level 2.4 Dodging
 - Level 1.3 Stealth
 - Level 3.6 Evocations


You had 2 spell levels left.
You didn't know any spells.

Dungeon Overview and Level Annotations

Branches:
Dungeon (2/15)

Altars:


Innate Abilities, Weirdness & Mutations

You are small and have problems with some larger weapons.
You are carnivorous and can eat meat at any time.


Message History

You see here a helmet.
p - a helmet Wear which item? (? for menu, Esc to quit)
You start putting on your armour.
You continue putting on your helmet. x4
You finish putting on your +0 helmet.
A bat comes into view.
A worm comes into view.
The bat misses you.
You miss the bat. The bat completely misses you. x2
You barely miss the bat. The bat closely misses you. x2
You miss the bat. The bat closely misses you. The bat barely misses you.
The bat barely misses you. The worm bites you!
You hit the worm.
The worm is lightly wounded.
The bat hits you but does no damage.
You hit the worm but do no damage.
The worm is lightly wounded.
The bat closely misses you. The worm bites you!
You die...

## # #. #
#.##.##.#
#.#...#.#
#...?w..#
#..@#####.#
#.........#
#####..b#####.##
................
........<.......
..............##
####.....####.#
#...........###
#..............


You could see a worm and a bat.

Vanquished Creatures
  A worm (D:1)
  2 dart slugs (D:1)
  A leopard gecko (D:2)
  4 bats
  3 goblins
  3 hobgoblins
  2 kobolds (D:1)
  3 frilled lizards
  3 rats (D:1)
22 creatures vanquished.

Notes
Turn   | Place    | Note
-------+----------+-------------------------------------------
     0 | D:1      | Starchild the Kobold Artificer began the quest for the Orb.
     0 | D:1      | Reached XP level 1. HP: 12/12 MP: 3/3
    15 | D:1      | Reached skill level 2 in Short Blades
   504 | D:1      | Reached XP level 2. HP: 13/16 MP: 4/4
   569 | D:1      | Reached skill level 3 in Short Blades
   874 | D:1      | Reached XP level 3. HP: 18/20 MP: 5/5
  1086 | D:2      | Reached skill level 4 in Short Blades
  1252 | D:2      | Slain by a worm

Vault maps used:
D:1:      evilmike_arrival_run_for_it

Skill      XL: |  1  2  3 |
---------------+----------+-----
Short Blades   | 2 3 4 |  4.1
Fighting       | |  1.1
Dodging        | |  2.4
Stealth        | |  1.3
Evocations     | |  3.6

Action                   || total
-------------------------++-------
Melee: Short sword       ||    86
Throw: Stone             ||     3
Evoke: Wand              ||     2
 Stab: Sleeping          ||     1
  Eat: Chunk             ||     3
Armor: Leather armour    ||    23
Dodge: Dodged            ||    94

Table legend:
 A = Spawn XP
 B = Non-spawn XP
 C = Spawn XP percentage of total XP
 D = Spawn monster count
 E = Non-spawn monster count
 F = Spawn count percentage of total count
 G = Total turns spent on level
                    A         B        C        D         E        F      G
               +---------+---------+-------+---------+---------+-------+---------
         Total |       0 |      42 |   0.0 |       0 |      22 |   0.0 |  1252
               +---------+---------+-------+---------+---------+-------+---------
           D:1 |       0 |      29 |   0.0 |       0 |      14 |   0.0 |  1050
           D:2 |       0 |      13 |   0.0 |       0 |       8 |   0.0 |   202
               +---------+---------+-------+---------+---------+-------+---------
